Map: Eternal Empire LE

Players

JRK - Winner!

  • Race: Zerg Zerg
  • Spawn Location: 7:00

VOD

Have the link to the VOD?

Description

Time

  • Played on: March 29, 2020, 8:48 a.m.
  • Length: 34:52
Show
View Real Time Build Order
Export as new Build Order

JRK Zerg - Winner!

Build Orders: Hatch First, Muta Ling Bane 

Get SALT Encoding   

  12  0:08  Overlord  
  12  0:13  Drone  
  12  0:18  Drone  
  12  0:28  Drone  
  12  0:32  Drone  
  12  0:44  Drone  
  12  0:56  Drone  
  12  1:00  Hatchery  
  12  1:05  Extractor  
  12  1:07  Drone  
  12  1:15  Drone  
  12  1:21  Spawning Pool  
  12  1:25  Drone  
  12  1:35  Drone  
  12  1:46  Drone  
  12  1:56  Overlord  
  12  2:08  Queen  
  12  2:15  Queen  
  12  2:22  Zergling x2  
  12  2:23  Zergling x2  
  12  2:31  Drone x2  
  12  2:41  Drone x3  
  12  2:56  Queen  
  12  2:58  Queen  
  12  3:03  Spore Crawler  
  12  3:04  Spore Crawler  
  12  3:06  Drone x2  
  12  3:07  Drone  
  12  3:25  Roach Warren  
  12  3:39  Overlord  
  12  3:43  Roach Warren  
  12  3:56  Drone  
  12  3:57  Queen  
  12  3:58  Overlord  
  12  4:00  Drone x2  
  12  4:01  Drone x4  
  12  4:03  Lair  
  12  4:14  Baneling Nest  
  12  4:15  Extractor  
  12  4:17  Drone x2  
  12  4:21  Hatchery  
  12  4:27  Drone x2  
  12  4:31  Extractor  
  12  4:32  Extractor  
  12  4:35  Drone  
  12  4:49  Drone x3  
  12  4:50  Overlord, Drone  
  12  4:51  Drone  
  12  4:58  Drone x2  
  12  5:13  Roach x2  
  12  5:14  Roach x2  
  12  5:27  Hydralisk Den  
  12  5:30  Infestation Pit  
  12  5:35  Spire  
  12  5:40  Nydus Network  
  12  5:44  Centrifical Hooks  
  12  7:09  Hive  
  12  7:11  Unknown  
  12  7:14  Infestor  
  12  7:15  Hydralisk, Mutalisk, Corruptor  
  12  7:29  Overlord x3  
  12  7:30  Overlord x7  
  12  7:31  Overlord x3  
  12  7:49  Ravager  
  12  7:51  Ravager  
  12  7:52  Ravager  
  12  7:57  Ravager  
  12  8:13  Burrow  
  12  8:47  Viper  
  12  8:48  Swarm Host  
  12  8:52  Overlord x4  
  12  8:55  Drone x5  
  12  8:56  Drone  
  12  9:15  Overseer  
  12  9:26  Pneumatized Carapace  
  12  9:33  Zergling x4  
  12  9:34  Zergling x14  
  12  9:45  Metabolic Boost  
  12  10:08  Neural Parasite  
  12  10:21  Greater Spire  
  12  10:25  Extractor  
  12  10:55  Zergling x8  
  12  10:56  Zergling x4  
  12  10:57  Baneling x3  
  12  10:58  Baneling x8  
  12  10:59  Baneling x2  
  12  11:03  Adrenal Glands  
  12  18:07  Pathogen Glands  
  12  18:30  Lurker Den  
  12  18:33  Extractor  
  12  18:46  Hatchery  
  12  18:58  Overseer  
  12  19:03  Overseer  
  12  19:07  Overseer  
  12  19:14  Overseer  
  12  19:31  Infestor  
  12  20:28  Lurker  
  12  20:30  Hydralisk x4  
  12  20:31  Hydralisk x3  
  12  20:40  Ultralisk Cavern  
  12  20:53  Queen  
  12  20:55  Drone x3  
  12  22:29  Unknown  
  12  22:42  Lurker x6  
  12  22:43  Lurker  
Tags
 
Add a new tag
Caveats
  • Supply blocks, unpowered buildings, or Contaminate may cause inaccurate times.
  • Supply counts are checked every 10 seconds.